AoeStats
← kV0t3

Arabia

506283559Analyzed
1v1 RM · 20d ago on Sep 13, 2026· 25m 25s· 2 players
Game mode
Random Map
Map size
Tiny (2 player)
Population
200
Speed
Normal
Resources
Standard
Victory
Conquest
Starting age
Dark Age
Ending age
Imperial Age
RankedLock teamsTeams togetherTeam positionsShared explorationLock speedFull tech treeHidden civsTurbo modeCheats
Victory
Defeat
🇦🇷 Mongols · Argentina
1176
+17
🇦🇷 Maya · Argentina
1200
-17
El General
7:02 Loom
9:24 Feudal Age
12:43 Double-Bit Axe
16:57 Fletching
21:53 Castle Age
21:03 Gold Mining
21:57 Crossbowman
22:37 Bodkin Arrow
22:43 Padded Archer Armor
23:33 Bow Saw
kV0t3
0:25 Loom
9:33 Feudal Age
9:37 Man-at-Arms
17:23 Double-Bit Axe
22:09 Castle Age
20:43 Fletching
21:33 Padded Archer Armor
23:01 Bow Saw
22:57 Bodkin Arrow
23:06 Elite Skirmisher
24:53 Eagle Warrior
Connection lost

Rejoining the realm…

Still unreachable

The connection could not be restored.

Session expired

The server has moved on; the page needs a fresh start.